 Dungeon Crawl Stone Soup version 0.17-a0-1945-gfe993df (webtiles) character file.

29 esc the Insei (level 3, -2/24 HPs)
             Began as an Octopode Transmuter on Sept 30, 2015.
             Slain by a goblin
             ... wielding a +0 dagger
             ... led by Robin
              (3 damage)
             ... on level 1 of the Dungeon.
             The game lasted 00:01:45 (1091 turns).

esc the Insei (Octopode Transmuter)                 Turns: 1091, Time: 00:01:45

Health: -2/24      AC:  1    Str:  9    XL:     3   Next: 16%
Magic:  6/6        EV: 12    Int: 16    God:
Gold:   67         SH:  0    Dex: 12    Spells: 1 memorised, 5 levels left

rFire  . . .     SeeInvis .       - Unarmed
rCold  . . .     Clarity  .     (no shield)
rNeg   . . .     SustAt   .     (helmet restricted)
rPois  .         Gourm    .     (no amulet)
rElec  .         Spirit   .     (no ring)
rCorr  .         Warding  .     (no ring)
rMut   .         Stasis   .     (no ring)
MR     .....                    (no ring)
Stlth  ++........               (no ring)
                                (no ring)
                                (no ring)
                                (no ring)

@: flying, not resistant to hostile enchantments, unstealthy
A: almost no armour, amphibious, 8 rings, constrict 8, camouflage 1, gelatinous
body 1
a: no special abilities


You were on level 1 of the Dungeon.
You were hungry.

You visited 1 branch of the dungeon, and saw 2 of its levels.

You collected 67 gold pieces.

Inventory:

Missiles
 a - 12 arrows
Scrolls
 e - 2 scrolls of enchant weapon
Potions
 d - a potion of invisibility {unknown}
 f - a potion of cure mutation {unknown}
 g - 2 potions of resistance {unknown}
 h - a potion of flight
 j - a potion of haste {unknown}
Books
 b - a book of Changes
Comestibles
 c - 2 bread rations {@e1}
 i - a meat ration {@e2}
 k - a beef jerky


   Skills:
 + Level 1.7 Fighting
 + Level 2.5 Dodging
 + Level 3.2 Unarmed Combat
 + Level 2.1 Spellcasting
 + Level 2.2 Transmutations


You had 5 spell levels left.
You knew the following spells:

 Your Spells              Type           Power        Failure   Level  Hunger
a - Beastly Appendage     Trmt           #.....       10%         1    #......


Dungeon Overview and Level Annotations

Branches:
Dungeon (2/15)

Altars:

Annotations:
D:2 Robin


Innate Abilities, Weirdness & Mutations

You cannot wear most types of armour.
You are amphibious.
You can wear up to eight rings at the same time.
You can use your tentacles to constrict eight enemies at once.
Your skin changes colour to match your surroundings (Stealth).
Your rubbery body absorbs attacks (AC +1).


Message History

No target in view!
Some of the chunks of flesh in your inventory have rotted away.
Things that are here:
a club; a ball python corpse You butcher the ball python corpse.
d - 5 chunks of flesh {@w0} (gained 4)
You see here a club.
You see here a ring mail.
h - 2 cyan potions (gained 1)
You see here a ring mail.
You see here a club.
You now have 67 gold pieces (gained 12).
k - a beef jerky
l - a scroll labeled MAUBE GIAGRAUT Health restored: 24 Read which item? (? for menu, Esc to quit)
As you read the scroll labeled MAUBE GIAGRAUT, it crumbles to dust.
You feel blessed for a moment.
It was a scroll of remove curse.
You open the door.
There is an open door here.
There is an open door here.
You see here a glowing ring mail.
You see here 3 large rocks {!d}.
You open the door.
There is an open door here.
You open the door.
There is an open door here.
Some of the chunks of flesh in your inventory have rotted away.
Partly explored, can't reach some items.
Partly explored, can't reach some items.
You tentacle-slap the plant but do no damage.
You grab the plant.
You constrict the plant, but do no damage.
You tentacle-slap the plant but do no damage.
You squeeze the plant!
You constrict the plant, but do no damage.
You tentacle-slap the plant.
You constrict the plant, but do no damage.
You tentacle-slap the plant.
You constrict the plant, but do no damage.
You tentacle-slap the plant but do no damage.
You constrict the plant, but do no damage.
You tentacle-slap the plant but do no damage.
You constrict the plant, but do no damage.
All of the chunks of flesh in your inventory have rotted away.
You bludgeon the plant! You constrict the plant.
You tentacle-slap the plant but do no damage.
You constrict the plant.
You tentacle-slap the plant but do no damage.
You constrict the plant, but do no damage.
You tentacle-slap the plant but do no damage.
You squeeze the plant!
You constrict the plant, but do no damage.
You are feeling hungry.
You tentacle-slap the plant but do no damage.
You squeeze the plant.
You constrict the plant, but do no damage.
You tentacle-slap the plant.
You destroy the plant!
d - a glowing ruby potion Done exploring.
There is a stone staircase leading down here.
You climb downwards. 6 goblins, 4 hobgoblins and Robin come into view.
The goblin shouts! x3
The hobgoblin shouts!
Robin shouts!
The hobgoblin shouts!
The goblin shouts!
The goblin shouts!
You hear a shout!
You hear a shout!
You hear a shout!
Found four items.
Found a stone staircase leading down.
There is a stone staircase leading up here.
Robin says, "A pitiful Octopus like you will never find the ORB!"
The hobgoblin barely misses you. The hobgoblin hits you with a club.
The goblin hits you with a dagger.
You climb upwards.
There is a stone staircase leading down here.
You take 8 damage, and have 16/24 hp.
MASSIVE DAMAGE!!
You barely miss the hobgoblin. Your grab misses the hobgoblin.
You tentacle-slap the hobgoblin but do no damage.
You grab the hobgoblin. You squeeze the hobgoblin.
You kill the hobgoblin!
The goblin misses you. The goblin hits you with a dagger.
The hobgoblin hits you with a club.
You take 3 damage, and have 13/24 hp.
You closely miss the goblin. Your grab misses the goblin.
The goblin hits you with a dagger. The goblin closely misses you.
The hobgoblin hits you with a club.
* * * LOW HITPOINT WARNING * * *
You take 8 damage, and have 5/24 hp.
MASSIVE DAMAGE!!
You miss the goblin. You grab the goblin. You constrict the goblin.
The goblin hits you with a dagger.
* * * LOW HITPOINT WARNING * * *
The goblin closely misses you. The hobgoblin misses you.
You take 4 damage, and have 1/24 hp.
Drink which item? (? for menu, Esc to quit)
It was a potion of flight.
You feel very buoyant.
You fly up into the air.
You constrict the goblin. The goblin hits you with a dagger.
You die...

## #. #. ############### #.
#.)@g.........#####.
#..gg######.........
#....######?........
#....'..............
#....#######+#.#####
#............#.#####
#.......[...........
#.............PP.#..
####.......Pā‰ˆā‰ˆPā‰ˆā‰ˆ#.#


You could see a hobgoblin and 2 goblins.

Vanquished Creatures
  2 ball pythons (D:1)
  A bat (D:1)
  5 hobgoblins (D:1)
  6 jackals (D:1)
  2 kobolds (D:1)
  3 giant newts (D:1)
  7 rats (D:1)
  A plant (D:1)
27 creatures vanquished.

Notes
Turn   | Place    | Note
--------------------------------------------------------------
     0 | D:1      | esc the Octopode Transmuter began the quest for the Orb.
     0 | D:1      | Reached XP level 1. HP: 13/13 MP: 3/3
    44 | D:1      | HP: 3/13 [jackal (1)]
    46 | D:1      | HP: 1/13 [jackal (1)]
   366 | D:1      | Reached XP level 2. HP: 18/18 MP: 5/5
   633 | D:1      | Reached XP level 3. HP: 15/23 MP: 6/6
  1084 | D:2      | Noticed Robin
  1089 | D:1      | HP: 5/24 [hobgoblin/club[Robin] (5)]
  1090 | D:1      | HP: 1/24 [goblin/dagger[Robin] (4)]
  1091 | D:1      | Slain by a goblin

Vault maps used:
D:1:      matt_arrival_los_fun, serial_bayou_lagoon_a, minmay_cupped
D:2:      uniq_robin

Action                   || total
-------------------------++-------
Melee: Unarmed           ||    78
 Cast: Beastly Appendage ||     1
  Use: Scroll            ||     5
       Potion            ||     1
 Stab: Sleeping          ||     2

Vault maps used:
D:1:      matt_arrival_los_fun, serial_bayou_lagoon_a, minmay_cupped
D:2:      uniq_robin

Table legend:
 A = Turns spent in this place as a percentage of turns spent in the entire game.
 B = Non-inter-level travel turns spent in this place as a percentage of non-inter-level travel turns spent in the entire game.
 C = Inter-level travel turns spent in this place as a percentage of turns spent in this place.
 D = Turns resting spent in this place as a percentage of non-inter-level travel turns spent in this place.
 E = Turns spent auto-exploring this place as a percentage of non-inter-level travel turns spent in this place.
 F = Non-inter-level travel turns spent in this place divided by the number of levels of this place that you've seen.
                   A       B       C       D       E      F
               +-------+-------+-------+-------+-------+----------------------
         Total | 100.0 | 100.0 |   0.4 |   0.8 |  11.1 | 130.5
       Dungeon | 100.0 | 100.0 |   0.4 |   0.8 |  11.1 | 130.5
               +-------+-------+-------+-------+-------+----------------------

Table legend:
 A = Kills in this place as a percentage of kills in entire the game.
 B = Kills by you in this place as a percentage of kills by you in the entire game.
 C = Kills by friends in this place as a percentage of kills by friends in the entire game.
 D = Other kills in this place as a percentage of other kills in the entire game.
 E = Experience gained in this place as a percentage of experience gained in the entire game.
 F = Experience gained in this place divided by the number of levels of this place that you have seen.
                   A       B       C       D       E      F
               +-------+-------+-------+-------+-------+----------------------
         Total | 100.0 | 100.0 |  -nan |  -nan | 100.0 |  21.0
       Dungeon | 100.0 | 100.0 |  -nan |  -nan | 100.0 |  21.0
               +-------+-------+-------+-------+-------+----------------------
